 Dungeon Crawl Stone Soup version 0.31.0-11-ge490571c62 (webtiles) character file.

Game seed: 14687618184502455973

5 qw the Shooter (level 1, -1/12 HPs)
             Began as a Deep Elf Hunter on Feb 5, 2024.
             Slain by a gnoll
             ... wielding a +0 spear
              (3 damage)
             ... on level 1 of the Dungeon.
             The game lasted 00:00:01 (240 turns).

qw the Shooter (Deep Elf Hunter)                     Turns: 240, Time: 00:00:01

Health: -1/12      AC:  3    Str:  8    XL:     1   Next: 66%
Magic:  3/3        EV: 12    Int: 13    God:
Gold:   23         SH:  0    Dex: 18    Spells: 0/0 levels left

rFire   . . .        a - +0 shortbow
rCold   . . .        (shield currently unavailable)
rNeg    . . .        c - +0 leather armour
rPois   .            (no helmet)
rElec   .            (no cloak)
rCorr   .            (no gloves)
SInv    .            (no boots)
Will    .....        (no amulet)
Stlth   ++           (no ring)
HPRegen 0.22/turn    (no ring)
MPRegen 0.08/turn

%: no passive effects
@: no status effects
A: no striking features
a: no special abilities


You were on level 1 of the Dungeon.
You visited 1 branch of the dungeon, and saw 1 of its levels.

You collected 23 gold pieces.


   Skills:
 - Level 1.5 Fighting
 + Level 5.7 Ranged Weapons
 - Level 2.4 Dodging
 - Level 1.2 Stealth


You couldn't memorise any spells.
You didn't know any spells.
Your spell library was empty.

Inventory:

Hand Weapons
 a - a +0 shortbow (weapon)
Armour
 c - a +0 leather armour (worn)
 i - a +0 ring mail
Jewellery
 d - an amulet of regeneration
Scrolls
 b - a scroll of butterflies
 e - a scroll of brand weapon {unknown}
 f - a scroll of fear {unknown}
 g - a scroll of immolation {unknown}
 j - a scroll of blinking {unknown}
 k - a scroll of torment {unknown}
Potions
 h - a potion of curing {unknown}

Dungeon Overview and Level Annotations

Branches:
Dungeon (1/15)

Altars:


Message History

The gnoll is almost dead.
You shoot an arrow. The arrow closely misses the gnoll.
A kobold comes into view. It is wielding a +0 dagger.
You shoot an arrow. The arrow closely misses the gnoll.
The kobold shouts!
You hear a shout!
A frilled lizard comes into view.
A kobold comes into view. It is wielding a +1 vampiric hand axe.
Enter note:
Enter note:
Enter note:
Enter note:
232 ||| RETREEEEATING.
The gnoll hits you from afar with a +0 spear.
There is an open door here.
You see here a quokka corpse.
You shoot an arrow. The arrow hits the gnoll.
The gnoll is almost dead.
The gnoll hits you from afar with a +0 spear.
You shoot an arrow. The arrow completely misses the gnoll.
The gnoll hits you from afar with a +0 spear.
You shoot an arrow. The arrow closely misses the gnoll.
The gnoll misses you.
You shoot an arrow. The arrow misses the kobold.
The arrow completely misses the kobold.
The gnoll hits you but does no damage.
You shoot an arrow. The arrow hits the kobold.
The kobold is moderately wounded.
The kobold misses you. The gnoll closely misses you.
The kobold barely misses you. The kobold hits you but does no damage.
The gnoll misses you.
The kobold hits you with a +1 vampiric hand axe.
You shoot an arrow. The arrow hits the kobold.
The kobold is severely wounded.
The kobold misses you. The gnoll barely misses you.
The kobold hits you but does no damage.
You shoot an arrow. The arrow barely misses the kobold.
The kobold barely misses you. The kobold closely misses you.
The gnoll hits you from afar with a +0 spear.
You die...

...................#.####.###
...............#.....# #.#
............#........# #.#
..................#.## #.#
.####.............#.#####.#
.# #......^......#.......# ##
#.............#.#######
########......### #####@##
#### #...KK...# ..>#
#...g....# ...# #!.......#
...# #........# ...#
?.........# #### ...........#
#.#........#


You could see a gnoll and 2 kobolds.

Vanquished Creatures
  2 endoplasms (D:1)
  A goblin (D:1)
  A quokka (D:1)
4 creatures vanquished.

Notes
Turn   | Place    | Note
-------+----------+-------------------------------------------
     0 | D:1      | qw the Deep Elf Hunter began the quest for the Orb.
     0 | D:1      | Reached XP level 1. HP: 12/12 MP: 3/3
     0 | D:1      | 0 ||| qw: Version: 0.3-a-160-g6735b56
     0 | D:1      | 0 ||| qw: Game counter: 6143
     0 | D:1      | 0 ||| qw: Melee chars always use a shield: true
     0 | D:1      | 0 ||| qw: God list: Okawaru
     0 | D:1      | 0 ||| qw: Allow faded altars: false
     0 | D:1      | 0 ||| qw: Do Orc after clearing Dungeon:15 true
     0 | D:1      | 0 ||| qw: Do second Lair branch before Depths: true
     0 | D:1      | 0 ||| qw: Lair rune preference: random
     0 | D:1      | 0 ||| qw: Goals: Normal
     0 | D:1      | 0 ||| PLANNING D:1-11
   232 | D:1      | 232 ||| RETREEEEATING.
   238 | D:1      | HP: 2/12 [kobold/+1 vampiric hand axe (4)]
   240 | D:1      | Slain by a gnoll

Levels and vault maps discovered:
D:1:      dpeg_arrival_arbitrary_b, layout_basic, minmay_tall_x

Action                     || total
---------------------------++-------
   Fire: Shortbow          ||    26
 Armour: Leather armour    ||     8
  Dodge: Dodged            ||    11

Table legend:
 A = Non-vault XP
 B = Vault XP
 C = Vault XP percentage of total XP
 D = Non-vault monster count
 E = Vault monster count
 F = Vault count percentage of total count
                 A         B        C        D         E       F
            +---------+---------+-------+---------+---------+-------
      Total |       8 |       0 |   0.0 |       4 |       0 |   0.0
            +---------+---------+-------+---------+---------+-------
        D:1 |       8 |       0 |   0.0 |       4 |       0 |   0.0
            +---------+---------+-------+---------+---------+-------
